 Dungeon Crawl Stone Soup version 0.17.1-1-g73c8601 (webtiles) character file.

586 Dfrag the Conjurer (level 7, -1/49 HPs)
             Began as a Naga Conjurer on Feb 23, 2018.
             Slain by an ice beast (5 damage)
             ... on level 5 of the Dungeon.
             The game lasted 00:06:47 (3338 turns).

Dfrag the Conjurer (Naga Conjurer)                  Turns: 3338, Time: 00:06:47

Health: -1/49      AC:  4    Str: 15    XL:     7   Next: 37%
Magic:  4/14       EV:  9    Int: 18    God:
Gold:   145        SH:  0    Dex: 11    Spells: 2 memorised, 13 levels left

rFire  . . .     SeeInvis +     (no weapon)
rCold  . . .     Clarity  .     a - +0 robe
rNeg   . . .     SustAt   .     (no shield)
rPois  +         Gourm    .     f - +0 helmet
rElec  .         Spirit   .     (no cloak)
rCorr  .         Warding  .     (no gloves)
rMut   .         Stasis   .     (no barding)
MR     ++...                    (no amulet)
Stlth  ++........               t - ring of poison resistance
                                k - ring of protection from magic

@: mighty, drained, very slow, very resistant to hostile enchantments,
unstealthy
A: see invisible, deformed body, frail 1, magic resistance 1, poison resistance,
slowness 2, slow regeneration 1, slow metabolism 1, spit poison 2, AC +2
a: Spit Poison


You were on level 5 of the Dungeon.
You were hungry.

You visited 1 branch of the dungeon, and saw 5 of its levels.

You collected 145 gold pieces.

Inventory:

Armour
 a - a +0 robe (worn)
 f - a +0 helmet (worn)
Jewellery
 k - a ring of protection from magic (left hand)
 t - a ring of poison resistance (right hand)
Wands
 n - a wand of random effects (43)
 A - a wand of lightning (0)
Scrolls
 d - a scroll of enchant armour {unknown}
 e - 3 scrolls of recharging
 g - a scroll of remove curse {unknown}
 h - a scroll of fog {unknown}
 i - a scroll of amnesia
 m - a scroll of enchant weapon
 o - a scroll of teleportation {unknown}
 x - a scroll of fear {unknown}
 y - 2 scrolls of immolation {unknown}
Potions
 l - 2 potions of might
 p - 2 potions of lignification {unknown}
 s - a potion of degeneration {unknown}
 z - a potion of curing {unknown}
 B - a potion of brilliance {unknown}
 C - 2 potions of flight {unknown}
Books
 b - a book of Conjurations

   Spells                             Type                      Level
   a - Magic Dart                     Conjuration                  1
   b - Searing Ray                    Conjuration                  2
   c - Dazzling Spray                 Conjuration/Hexes            3
   d - Fulminant Prism                Conjuration/Hexes            4
   e - Iskenderun's Mystic Blast      Conjuration                  4
   f - Iskenderun's Battlesphere      Conjuration/Charms           5
 q - a book of the Tempests

   Spells                             Type                      Level
   a - Static Discharge               Conjuration/Air              3
   b - Lightning Bolt                 Conjuration/Air              5
   c - Fireball                       Conjuration/Fire             5
   d - Tornado                        Air                          9
   e - Shatter                        Earth                        9
Comestibles
 c - 4 bread rations
 u - a beef jerky
 v - a meat ration
 w - 2 chunks of flesh


   Skills:
 - Level 1.5(0.8) Dodging
 - Level 3.0(2.2) Stealth
 + Level 5.2(4.4) Spellcasting
 + Level 6.8(5.9) Conjurations


You had 13 spell levels left.
You knew the following spells:

 Your Spells              Type           Power        Failure   Level  Hunger
a - Magic Dart            Conj           ####         1%          1    None
b - Searing Ray           Conj           ####..       1%          2    ##.....


Dungeon Overview and Level Annotations

Branches:
Dungeon (5/15)
 Temple: D:4-7

Altars:
Cheibriados
Dithmenos
Fedhas
Gozag
Nemelex Xobeh
Xom
Yredelemnul
Zin


Innate Abilities, Weirdness & Mutations

You cannot wear boots.
Your serpentine skin is tough (AC +2).
You have supernaturally acute eyesight.
Armour fits poorly on your strangely shaped body.
Your system is resistant to poisons.
You cover ground very slowly.
You have a slow metabolism.
You can spit poison.
You are frail (-10% HP).
You are resistant to hostile enchantments.
You regenerate slowly when monsters are visible.


Message History

The jackal bites you.
* * * LOW HITPOINT WARNING * * *
Casting: Searing Ray
Confirm with . or Enter, or press ? or * to list all spells.
Aiming: Searing Ray
Press: ? - help, Shift-Dir - straight line, f - jackal
Aim: a jackal The searing ray hits the jackal.
You kill the jackal!
The ice beast closely misses you.
The searing ray hits the giant frog zombie.
The giant frog zombie hits you.
* * * LOW HITPOINT WARNING * * *
The ice beast barely misses you.
The searing ray hits the wight.
You destroy the wight!
The ice beast hits you.
* * * LOW HITPOINT WARNING * * *
The ice beast freezes you.
You die...

.....######....#........#........
...###.........#.....#.##........
...............#.......##........
.....................#..........<
...............................#.
................z..............##
.............#####.........##+###
.............#####z.......... .
............z#..@)Z............
..#####.....##...Y....#........
.. #.....##........#.#...... ..
...##.....###.............. ..
... #.....###......... . ..
#............?....
#.........†.......
#................#
#.................


You could see an ice beast, a wight and a giant frog zombie.

Vanquished Creatures
  A black bear (D:4)
  The ghost of rrossfarrar the Conjurer, an amateur DECj (D:3)
  A scorpion (D:4)
  A wight (D:5)
  A centaur skeleton (D:5)
  A giant frog skeleton (D:5)
  An orc wizard (D:4)
  An orc priest (D:3)
  A hound (D:5)
  2 worker ants (D:5)
  An iguana (D:5)
  5 adders
  3 worms
  7 orcs
  8 bats
  2 giant cockroaches (D:1)
  7 hobgoblins
  5 jackals
  2 quokkas
  3 ball pythons
  6 giant newts
  4 goblins
  9 kobolds
  8 rats
81 creatures vanquished.

Notes
Turn   | Place    | Note
--------------------------------------------------------------
     0 | D:1      | Dfrag the Naga Conjurer began the quest for the Orb.
     0 | D:1      | Reached XP level 1. HP: 15/15 MP: 3/3
   183 | D:1      | Reached XP level 2. HP: 19/22 MP: 0/5
   770 | D:2      | Learned a level 2 spell: Searing Ray
   774 | D:2      | Reached XP level 3. HP: 28/28 MP: 1/6
  1092 | D:2      | Found an opulent altar of Gozag.
  1113 | D:2      | Reached XP level 4. HP: 32/36 MP: 4/8
  1361 | D:2      | Found a blossoming altar of Fedhas.
  1361 | D:2      | Found a snail-covered altar of Cheibriados.
  1361 | D:2      | Found a sparkling altar of Nemelex Xobeh.
  1373 | D:2      | Found a shimmering altar of Xom.
  1378 | D:2      | Found a shadowy altar of Dithmenos.
  1667 | D:3      | Noticed rrossfarrar's ghost (amateur DECj)
  1782 | D:3      | Reached skill level 5 in Conjurations
  1914 | D:3      | Found a basalt altar of Yredelemnul.
  1945 | D:3      | Killed rrossfarrar's ghost
  1945 | D:3      | Reached XP level 5. HP: 11/42 MP: 2/10
  2062 | D:3      | Found a faded altar to an unknown god.
  2570 | D:4      | Reached XP level 6. HP: 49/49 MP: 6/12
  2655 | D:4      | Noticed a black bear
  2666 | D:4      | Killed a black bear
  2666 | D:4      | Reached skill level 6 in Conjurations
  2769 | D:4      | Found a glowing silver altar of Zin.
  3053 | D:5      | Entered Level 5 of the Dungeon
  3140 | D:5      | Reached XP level 7. HP: 32/55 MP: 7/14
  3253 | D:5      | Reached skill level 5 in Spellcasting
  3314 | D:5      | HP: 2/55 [ice beast (13)]
  3316 | D:5      | Gained mutation: You are resistant to hostile enchantments. [potion of mutation]
  3316 | D:5      | Gained mutation: You are frail (-10% HP). [potion of mutation]
  3316 | D:5      | Gained mutation: You regenerate slowly when monsters are visible. [potion of mutation]
  3338 | D:5      | Slain by an ice beast

Action                   |  1- 3 |  4- 6 |  7- 9 || total
-------------------------+-------+-------+-------++-------
Melee: Unarmed           |     6 |     8 |       ||    14
 Cast: Magic Dart        |    40 |    48 |     6 ||    94
       Searing Ray       |     1 |    14 |     4 ||    19
 Abil: Spit Poison       |    19 |    11 |     2 ||    32
Evoke: Wand              |       |     5 |     2 ||     7
  Use: Scroll            |       |     1 |     2 ||     3
       Potion            |       |       |     4 ||     4
  Eat: Chunk             |       |     7 |       ||     7
       Beef jerky        |       |     1 |       ||     1
